 Dungeon Crawl Stone Soup version 0.21.0-22-g11d5b5247c (webtiles) character file.

147 Peloso the Covered (level 5, 0/49 HPs)
             Began as a Deep Dwarf Fighter on Jan 19, 2018.
             Slain by a sky beast (4 damage)
             ... on level 6 of the Dungeon.
             The game lasted 00:04:10 (1954 turns).

Peloso the Covered (Deep Dwarf Fighter)             Turns: 1954, Time: 00:04:11

Health: 0/49       AC: 10    Str: 25    XL:     5   Next: 8%
Magic:  4/4        EV:  6    Int:  9    God:
Gold:   154        SH: 10    Dex: 12    Spells: 4/4 levels left

rFire    . . .     SeeInvis .   a - +0 long sword
rCold    . . .     Gourm    .   c - +0 shield
rNeg     . . .     Faith    .   b - +0 chain mail
rPois    .         Spirit   .   n - +1 hat
rElec    .         Reflect  .   (no cloak)
rCorr    .         Harm     .   (no gloves)
MR       .....                  (no boots)
Stlth    ..........             (no amulet)
HPRegen  0.00/turn              (no ring)
MPRegen  0.09/turn              (no ring)

@: mighty, non-regenerating
A: damage resistance, heal wounds, sense surroundings 1, no regeneration
a: Heal Wounds


You were on level 6 of the Dungeon.
You were very hungry.

You visited 1 branch of the dungeon, and saw 4 of its levels.

You collected 154 gold pieces.

Inventory:

Hand Weapons
 a - a +0 long sword (weapon)
Armour
 b - a +0 chain mail (worn)
 c - a +0 shield (worn)
 n - a +1 hat (worn)
Scrolls
 g - a scroll of magic mapping {unknown}
 i - 6 scrolls of remove curse {unknown}
 j - 3 scrolls of teleportation {unknown}
 k - 4 scrolls of identify {unknown}
 o - a scroll of fog {unknown}
 r - a scroll of immolation {unknown}
 s - a scroll of enchant weapon {unknown}
Potions
 e - 3 potions of curing {unknown}
 h - 2 potions of resistance {unknown}
 l - a potion of flight {unknown}
 p - 2 potions of magic {unknown}
Books
 m - a book of Minor Magic

   Spells                             Type                      Level
   a - Magic Dart                     Conjuration                  1
   b - Blink                          Translocation                2
   c - Call Imp                       Summoning                    2
   d - Slow                           Hexes                        2
   e - Conjure Flame                  Conjuration/Fire             3
   f - Mephitic Cloud                 Conjuration/Poison/Air       3
Comestibles
 f - 2 rations


   Skills:
 + Level 3.3 Fighting
 + Level 3.4 Long Blades
 + Level 4.2 Armour
 + Level 0.5 Dodging
 + Level 4.0 Shields


You had 4 spell levels left.
You didn't know any spells.

Dungeon Overview and Level Annotations

Branches:
Dungeon (3/15)

Altars:

Annotations:
D:3 Ijyb


Innate Abilities, Weirdness & Mutations

You are resistant to damage.
You can heal yourself by infusing magical energy.
You passively map a small area around you.
You do not regenerate.


Message History

The phantom hits you!
You completely miss something. You block something's attack.
The phantom hits you.
The phantom blinks!
Something hits you but does no damage.
You closely miss something. Something hits you but does no damage.
You miss something. Something hits you. Something shocks you.
The phantom blinks!
You hit something. Something hits you. Something shocks you.
* * * LOW HITPOINT WARNING * * *
You barely miss something. You block something's attack.
You closely miss something. Something hits you but does no damage.
The phantom blinks!
Something hits you. Something shocks you.
* * * LOW HITPOINT WARNING * * *
You miss something. Something hits you.
* * * LOW HITPOINT WARNING * * *
Something shocks you.
* * * LOW HITPOINT WARNING * * *
You feel very mighty all of a sudden. Something hits you. Something shocks you.
You die...

#.# #.# #.#
#.# , , #.#
* #.# * #.#
* #.######
#..@{..# *
######.# *
,, , #.# * *
* , #...W.#
* , ,
,......Y.# *
,*.#..##.#.#
* * * #.#...
# * ,# ##.##
, ,.# *


There were no monsters in sight!

Vanquished Creatures
  An iguana (D:3)
  4 adders
  2 worms (D:3)
  3 dart slugs
  5 leopard geckos
  2 orcs (D:3)
  A ball python (D:1)
  5 giant cockroaches
  11 goblins
  4 hobgoblins
  6 jackals
  A quokka (D:2)
  2 bats
  6 frilled lizards
  7 kobolds
  5 rats
65 creatures vanquished.

Notes
Turn   | Place    | Note
-------+----------+-------------------------------------------
     0 | D:1      | Peloso the Deep Dwarf Fighter began the quest for the Orb.
     0 | D:1      | Reached XP level 1. HP: 20/20 MP: 1/1
   166 | D:1      | Reached XP level 2. HP: 25/27 MP: 2/2
   432 | D:1      | Reached XP level 3. HP: 31/34 MP: 3/3
  1042 | D:2      | Reached XP level 4. HP: 32/42 MP: 4/4
  1765 | D:3      | Noticed Ijyb
  1778 | D:3      | Reached XP level 5. HP: 46/49 MP: 4/4
  1849 | D:3      | You fall through a shaft for 3 floors!
  1915 | D:6      | Noticed a phantom
  1915 | D:6      | Noticed a sky beast
  1954 | D:6      | Slain by a sky beast

Skill      XL: |  1  2  3  4 |
---------------+-------------+-----
Fighting       | 3 |  3.3
Long Blades    | 3 |  3.4
Armour         | 4 |  4.2
Shields        | 4 |  4.0
Dodging        | |  0.5

Action                   |  1- 3 |  4- 6 || total
-------------------------+-------+-------++-------
Melee: Long sword        |   145 |   131 ||   276
       Unarmed           |       |     6 ||     6
 Abil: Heal Wounds       |       |     1 ||     1
  Use: Potion            |       |     1 ||     1
  Eat: Chunk             |     1 |     2 ||     3
Armor: Scale mail        |     7 |       ||     7
       Chain mail        |    88 |    68 ||   156
Dodge: Dodged            |    43 |    22 ||    65
Block: Shield            |    87 |    63 ||   150
       Rpst.: Long sword |    15 |     7 ||    22
